AoeStats
← owengold23

Arabia

504969798Analyzed
1v1 RM · 26d ago on Sep 7, 2026· 59m 56s· 2 players
Game mode
Random Map
Map size
Tiny (2 player)
Population
200
Speed
Normal
Resources
Standard
Victory
Conquest
Starting age
Dark Age
Ending age
Imperial Age
RankedLock teamsTeams togetherTeam positionsShared explorationLock speedFull tech treeHidden civsTurbo modeCheats
Victory
Defeat
🇦🇺 Huns · Australia
1634
+19
🇦🇺 Malay · Australia
1699
-19
owengold23
5:47 Loom
8:26 Feudal Age
8:54 Double-Bit Axe
16:28 Fletching
17:48 Scale Barding Armor
20:12 Forging
20:58 Bloodlines
22:15 Padded Archer Armor
26:47 Castle Age
25:07 Horse Collar
26:39 Wheelbarrow
27:44 Bodkin Arrow
27:13 Light Cavalry
27:23 Elite Skirmisher
28:29 Bow Saw
29:06 Chain Barding Armor
44:21 Leather Archer Armor
48:00 Ballistics
57:50 Imperial Age
56:31 Iron Casting
58:00 Hand Cart
58:47 Bracer
60:14 Chemistry
58:44 Cavalier
ClearDistortion
6:26 Loom
9:52 Feudal Age
14:39 Fletching
21:12 Castle Age
19:24 Padded Archer Armor
20:50 Bodkin Arrow
20:16 Crossbowman
22:16 Gold Mining
23:45 Double-Bit Axe
25:35 Bow Saw
27:49 Horse Collar
29:00 Ballistics
30:46 Town Watch
36:14 Pikeman
45:02 Imperial Age
44:38 Bracer
46:10 Heavy Plow
46:47 Gold Shaft Mining
46:49 Wheelbarrow
49:47 Forging
49:54 Leather Archer Armor
53:25 Elite Karambit Warrior
57:10 Ring Archer Armor
58:47 Chemistry
59:12 Thumb Ring
59:17 Squires
59:12 Arbalester
Connection lost

Rejoining the realm…

Still unreachable

The connection could not be restored.

Session expired

The server has moved on; the page needs a fresh start.